 Dungeon Crawl Stone Soup version 0.28-a0-768-g8c92f1e708 (webtiles) character file.

Game seed: 6763765478236767876

8 DungeonMaster the Skirmisher (level 2, 25/25 HPs)
             Began as a Demonspawn Wanderer on Oct 31, 2021.
             Quit the game on level 1 of the Dungeon.
             The game lasted 00:00:41 (316 turns).

DungeonMaster the Skirmisher (Demonspawn Wanderer)   Turns: 316, Time: 00:00:41

Health: 25/25      AC:  5    Str: 11    XL:     2   Next: 0%
Magic:  3/3        EV: 10    Int: 13    God:
Gold:   11         SH:  0    Dex: 13    Spells: 3/3 levels left

rFire   . . .      SeeInvis .   a - +2 short sword
rCold   . . .      Faith    .   (no shield)
rNeg    . . .      Spirit   .   e - +0 ring mail
rPois   .          Reflect  .   (helmet restricted)
rElec   .          Harm     .   (no cloak)
rCorr   .          Rampage  .   (no gloves)
Will    .....                   (no boots)
Stlth   +.........              (no amulet)
HPRegen 0.08/turn               (no ring)
MPRegen 0.08/turn               (no ring)

@: no status effects
A: antennae 1
a: no special abilities


You were on level 1 of the Dungeon.
You visited 1 branch of the dungeon, and saw 1 of its levels.

You collected 11 gold pieces.

Inventory:

Hand Weapons
 a - a +2 short sword (weapon)
Missiles
 f - 19 stones (quivered)
Armour
 e - a +0 ring mail (worn)
Scrolls
 c - a scroll of teleportation
 d - a scroll of blinking {unknown}
Potions
 b - a potion of lignification


   Skills:
 * Level 4.1 Fighting
 - Level 1.0 Short Blades
 * Level 0.5 Armour
 * Level 0.7 Dodging
 - Level 1.7 Shields
 - Level 1.0 Spellcasting
 - Level 1.0 Transmutations
 - Level 1.0 Ice Magic


You had 3 spell levels left.
You didn't know any spells.
Your spell library was empty.

Dungeon Overview and Level Annotations

Branches:
Dungeon (1/15)

Altars:

Shops:
D:1 *


Innate Abilities, Weirdness & Mutations

You have a pair of small antennae on your head.


Message History

There is an entrance to Cauwa's Assorted Antiques here.
You can access your shopping list by pressing '$'.
f - 19 stones You open the door.
There is an open door here.
There is an escape hatch in the floor here.
A frilled lizard comes into view.
The frilled lizard hisses angrily.
The frilled lizard barely misses you.
You hit the frilled lizard.
You kill the frilled lizard!
No target in view!
No target in view!
No target in view!
No target in view!
No target in view!
No target in view!
No target in view!
No target in view!
No target in view!
No target in view!
No target in view!
A bat comes into view.
You hit the bat but do no damage. The bat closely misses you.
The bat hits you but does no damage. The bat hits you but does no damage.
The bat barely misses you. The bat hits you but does no damage.
The bat barely misses you.
You barely miss the bat. The bat closely misses you.
The bat closely misses you. x3
You barely miss the bat. The bat hits you but does no damage.
The bat barely misses you.
You hit the bat.
The bat is heavily wounded.
The bat barely misses you.
You hit the bat.
You kill the bat!
You have reached level 2!
Your demonic ancestry asserts itself...
A pair of antennae grows on your head!
Are you sure you want to abandon this character and quit the game? (Confirm with "yes".)

#.....#.# #.#######.####
#.###.#.# #............#
#.###.#.##### #########.#.##
........#... .#.......#.#
#########.#######.#.#####.#.#
>.................#.#######.#
##########.#####..#.........#
#.#...#.†###########
#.....#@.......
####.###..###### #.........#
#.##.####.# # #..# .# #### ##


There were no monsters in sight!

Vanquished Creatures
  A hobgoblin (D:1)
  A kobold (D:1)
  3 bats (D:1)
  2 frilled lizards (D:1)
  A rat (D:1)
8 creatures vanquished.

Notes
Turn   | Place    | Note
-------+----------+-------------------------------------------
     0 | D:1      | DungeonMaster the Demonspawn Wanderer began the quest for
                  | the Orb.
     0 | D:1      | DungeonMaster set off with the following items: a +2 short
                  | sword, a potion of lignification, a scroll of
                  | teleportation, a +0 robe
     0 | D:1      | Reached XP level 1. HP: 19/19 MP: 2/2
    55 | D:1      | Found Cauwa's Assorted Antiques.
   316 | D:1      | Gained mutation: You have a pair of small antennae on your
                  | head. [demonic ancestry]
   316 | D:1      | Reached XP level 2. HP: 25/25 MP: 3/3
   316 | D:1      | Quit the game

Illustrated notes

Levels and vault maps discovered:
D:1:      dpeg_arrival_tiny_d, layout_basic, serial_shops,
          nicolae_shop_overgrown_old_shop,
          nicolae_shop_temple_entry_statues_fountains, shop, shop,
          minmay_tetromino_i4

Action                   || total
-------------------------++-------
Melee: Short sword       ||    13
Armor: Ring mail         ||     5
Dodge: Dodged            ||    13

Table legend: (Time is in decaauts)
 A = Elapsed time spent in this place.
 B = Non-inter-level travel time spent in this place.
 C = Inter-level travel time spent in this place.
 D = Time resting spent in this place.
 E = Time spent auto-exploring this place.
 F = Levels seen in this place.
 G = Mean time per level.
                   A        B        C        D        E       F      G
               +--------+--------+--------+--------+--------+-----+--------+
         Total |    316 |    316 |      0 |      0 |    269 |   1 |  316.0 |
       Dungeon |    316 |    316 |      0 |      0 |    269 |   1 |  316.0 |
               +--------+--------+--------+--------+--------+-----+--------+

Top non-repeatable levels by time:
     D:1: 316 daAuts
